 Dungeon Crawl Stone Soup version 0.31-a0-1009-g454b1f1e0a (webtiles) character file.

Game seed: 11395866866577144024

684 Maratek the Chopper (level 7, -3/54 HPs)
             Began as a Demonspawn Fighter on Nov 14, 2023.
             Was a Follower of Trog.
             Splashed by a jelly's acid (10 damage)
             ... on level 6 of the Dungeon.
             The game lasted 00:04:23 (3269 turns).

Maratek the Chopper (Demonspawn Fighter)            Turns: 3269, Time: 00:04:25

Health: -3/54      AC: 16    Str: 18    XL:     7   Next: 35%
Magic:  7/7        EV:  8    Int:  9    God:    Trog [*.....]
Gold:   245        SH:  0    Dex: 13    Spells: 6/6 levels left

rFire   . . .        a - +1 war axe
rCold   . . .        (no shield)
rNeg    . . .        r - +0 chain mail
rPois   .            e - +1 helmet
rElec   .            n - +0 cloak
rCorr   .            (no gloves)
SInv    .            (no boots)
Will    +....        (no amulet) Stlth
                     j - +4 ring of protection
HPRegen 0.29/turn    l - ring of willpower
MPRegen 0.10/turn

%: no passive effects
@: no status effects
A: foul stench 1, demonic touch 1
a: Renounce Religion, Berserk


You were on level 6 of the Dungeon.
You worshipped Trog.
Trog was aware of your devotion.
You visited 1 branch of the dungeon, and saw 6 of its levels.

You collected 245 gold pieces.

Inventory:

Hand Weapons
 a - a +1 war axe (weapon)
Armour
 e - a +1 helmet (worn)
 n - a +0 cloak (worn)
 r - a +0 chain mail (worn)
Jewellery
 j - a +4 ring of protection (left hand)
 l - a ring of willpower (right hand)
Wands
 h - a wand of flame (22)
Scrolls
 k - 2 scrolls of teleportation
Potions
 b - 2 potions of invisibility {unknown}
 c - a potion of brilliance {unknown}
 d - a potion of might
 f - 2 potions of attraction
 g - 2 potions of haste {unknown}
 i - 2 potions of enlightenment {unknown}
 m - 2 potions of heal wounds {unknown}
 o - 2 potions of curing {unknown}
 p - a potion of cancellation {unknown}
 q - a potion of mutation {unknown}
 s - a potion of degeneration {unknown}


   Skills:
 + Level 4.1 Fighting
 + Level 5.3 Axes
 + Level 4.0 Armour
 + Level 1.5 Dodging
 + Level 1.0 Stealth
 + Level 3.7 Shields


You had 6 spell levels left.
You didn't know any spells.
Your spell library contained the following spells:

 Spells                   Type           Power      Damage    Failure   Level
 Magic Dart               Conj           0%         1d3       98%         1
 Searing Ray              Conj           0%         2d4       99%         2
 Animate Dead             Necr           0%         N/A       100%        4
 Fulminant Prism          Conj/Hex       0%         3d5       100%        4
 Borgnjor's Vile Clutch   Necr/Erth      0%         N/A       100%        5
 Death Channel            Necr           0%         N/A       100%        6


Dungeon Overview and Level Annotations

Branches:
Dungeon (6/15)
 Temple: D:4-7

Altars:
Cheibriados
Fedhas
Trog
Yredelemnul

Annotations:
D:5 3 runed translucent doors, Maratek's ghost, amateur OpHu
D:6 Pikel


Innate Abilities, Weirdness & Mutations

You may rarely emit foul miasma when damaged in melee.
Your touch may inflict minor irresistible damage on your foes.


Message History

You closely miss the adder. The adder bites you. The adder barely misses you.
The iguana bites you but does no damage.
You barely miss the iguana.
The iguana is severely wounded.
You hit the adder. The adder bites you. The iguana barely misses you.
The adder closely misses you.
You hit the iguana but do no damage. Your touch misses the iguana.
The iguana is severely wounded.
You completely miss the adder.
A hound comes into view.
The iguana bites you but does no damage.
The adder bites you but does no damage.
The hound moves out of view.
You hit the iguana.
You kill the iguana!
Trog accepts your kill.
You slash the adder!
You kill the adder!
Trog accepts your kill.
A jelly comes into view.
The jelly quivers.
You slash the ogre!
The ogre is moderately wounded.
The ogre hits you with a +0 giant club!!
* * * LOW HITPOINT WARNING * * *
You emit a cloud of foul miasma!
You slash the ogre!
You touch the ogre!
You kill the ogre!
Trog accepts your kill.
Your Armour skill increases to level 4!
Things that are here:
a +0 giant club; an ogre corpse The jelly hits you but does no damage.
You see here the +7 whip "Manimeir" {freeze, Fly rC- Int+3 Dex+2}.
You hit the jelly.
Your hands burn!
* * * LOW HITPOINT WARNING * * *
The jelly is lightly wounded.
The jelly hits you.
* * * LOW HITPOINT WARNING * * *
You are splashed with acid!
You die...

#......#
#......#
#......###
#........#
#......#
#..†...+
#......#
#?☼†...#
#@.....#
+.....J.........
#.....########.#
#..... .# #....
# #####


You could see a jelly.

Vanquished Creatures
  Grinder (D:5)
  An ogre (D:6)
  Blork the orc (D:4)
  A hound (D:5)
  A sleepcap (D:5)
  Jessica (D:2)
  2 iguanas
  2 orc wizards (D:3)
  Robin (D:2)
  4 adders
  2 worms
  2 dart slugs
  8 orcs
  3 ball pythons
  13 bats
  8 endoplasms
  2 giant cockroaches
  10 goblins
  3 hobgoblins
  5 jackals
  2 quokkas
  2 frilled lizards
  5 kobolds
  4 rats
84 creatures vanquished.

Notes
Turn   | Place    | Note
-------+----------+-------------------------------------------
     0 | D:1      | Maratek the Demonspawn Fighter began the quest for the Orb.
     0 | D:1      | Reached XP level 1. HP: 18/18 MP: 1/1
   168 | D:1      | Gained mutation: You may rarely emit foul miasma when
                  | damaged in melee. [demonic ancestry]
   168 | D:1      | Reached XP level 2. HP: 21/24 MP: 2/2
   538 | D:2      | Reached skill level 2 in Axes
   571 | D:2      | Noticed Jessica
   576 | D:2      | Killed Jessica
   577 | D:2      | Reached XP level 3. HP: 28/29 MP: 3/3
   907 | D:2      | Noticed Robin
   915 | D:2      | Reached XP level 4. HP: 32/35 MP: 4/4
   926 | D:2      | Killed Robin
  1366 | D:3      | Reached skill level 3 in Axes
  1420 | D:3      | Found a snail-covered altar of Cheibriados.
  1442 | D:3      | Gained mutation: Your touch may inflict minor irresistible
                  | damage on your foes. [demonic ancestry]
  1442 | D:3      | Reached XP level 5. HP: 25/41 MP: 5/5
  2208 | D:4      | Found a bloodstained altar of Trog.
  2216 | D:4      | Became a worshipper of Trog the Wrathful
  2521 | D:4      | Noticed Blork the orc
  2527 | D:4      | Reached skill level 1 in Dodging
  2528 | D:4      | Killed Blork the orc
  2529 | D:4      | Reached skill level 4 in Axes
  2529 | D:4      | Reached XP level 6. HP: 46/48 MP: 6/6
  2842 | D:5      | Entered Level 5 of the Dungeon
  2950 | D:5      | Found a runed translucent gate.
  2953 | D:5      | Found a runed translucent gate.
  2954 | D:5      | Found a runed translucent gate.
  2955 | D:5      | Noticed an orc warrior
  2955 | D:5      | Noticed Maratek's ghost (amateur OpHu)
  2955 | D:5      | Identified the +0 leather armour "Wicohot" {rF- Int+3
                  | Slay+5}
  3061 | D:5      | Found a basalt altar of Yredelemnul.
  3111 | D:5      | Noticed Grinder
  3126 | D:5      | Killed Grinder
  3126 | D:5      | Reached * piety under Trog
  3127 | D:5      | Reached skill level 5 in Axes
  3127 | D:5      | Reached skill level 1 in Stealth
  3127 | D:5      | Reached XP level 7. HP: 45/54 MP: 7/7
  3228 | D:5      | Identified the +0 robe of Nuasuk {rPois rN+ Str+4 Dex+4}
  3253 | D:5      | Found a blossoming altar of Fedhas.
  3255 | D:6      | Noticed Pikel
  3268 | D:6      | Identified the +7 whip "Manimeir" {freeze, Fly rC- Int+3
                  | Dex+2}
  3269 | D:6      | Splashed by a jelly's acid

Illustrated notes

Levels and vault maps discovered:
D:1:      psy_arrival_fountain, layout_basic
D:2:      layout_rooms, uniq_robin, uniq_jessica
D:3:      layout_basic, cheibriados_altar_1, kennysheep_generic_room_16
D:4:      layout_loops_ring, bloody_trog, serial_glass, glass_columns_c,
          glass_columns_a, roderic_batcave, uniq_blork_the_orc
D:5:      layout_basic, lemuel_round_altar, mainiacjoe_overflow_cross_hatched,
          minmay_temple_entry_glassed_door, biasface_ghost_orc_armoury,
          uniq_grinder
D:6:      layout_basic, gammafunk_ghost_grave, uniq_pikel, uniq_eustachio

Skill      XL: |  1  2  3  4  5  6  7 |
---------------+----------------------+-----
Shields        | 3 |  3.7
Axes           | 2 3 4 5 |  5.3
Armour         | 3 4 |  4.0
Dodging        | 1 |  1.5
Fighting       | 4 |  4.1
Stealth        | 1 |  1.0

Action                     |  1- 3 |  4- 6 |  7- 9 || total
---------------------------+-------+-------+-------++-------
  Melee: War axe           |    94 |   142 |    14 ||   250
         Touch             |       |     5 |     3 ||     8
    Use: Scroll            |     1 |     6 |     3 ||    10
 Armour: Scale mail        |    74 |    79 |       ||   153
         Chain mail        |       |    69 |    57 ||   126
  Dodge: Dodged            |    42 |    59 |    12 ||   113
  Block: Buckler           |    31 |    39 |       ||    70

Table legend: (Time is in decaauts)
 A = Elapsed time spent in this place.
 B = Non-inter-level travel time spent in this place.
 C = Inter-level travel time spent in this place.
 D = Time resting spent in this place.
 E = Time spent auto-exploring this place.
 F = Levels seen in this place.
 G = Mean time per level.
                   A        B        C        D        E       F      G
               +--------+--------+--------+--------+--------+-----+--------+
         Total |   3361 |   3224 |    137 |     26 |   2556 |   6 |  560.2 |
       Dungeon |   3361 |   3224 |    137 |     26 |   2556 |   6 |  560.2 |
               +--------+--------+--------+--------+--------+-----+--------+

Top non-repeatable levels by time:
     D:3: 1035 daAuts
     D:4: 693 daAuts
     D:2: 644 daAuts
     D:1: 551 daAuts
     D:5: 420 daAuts
     D:6: 15 daAuts
